 Dungeon Crawl Stone Soup version 0.21.1-1-g345015f (webtiles) character file.

54705 inc the Spry (level 13, -25/71 HPs)
             Began as a Felid Enchanter on Mar 5, 2018.
             Was the Champion of Jiyva.
             Killed by the raging water
             ... invoked by a water nymph
              (30 damage)
             ... on level 2 of the Shoals.
             The game lasted 02:26:29 (50571 turns).

inc the Spry (Felid Enchanter)                     Turns: 50571, Time: 02:26:30

Health: -25/71     AC:  4    Str: 12    XL:     13   Next: 81%
Magic:  24/26      EV: 26    Int: 19    God:    Jiyva [******]
Gold:   1782       SH:  0    Dex: 12    Spells: 9/29 levels left
                                        Lives:  0   Deaths: 3

rFire    x . .     SeeInvis +     - Unarmed
rCold    + + +     Gourm    .   (shield unavailable)
rNeg     . . .     Faith    +   (armour unavailable)
rPois    .         Spirit   .   (helmet unavailable)
rElec    .         Reflect  .   (cloak unavailable)
rCorr    +         Harm     .   (gloves unavailable)
MR       +++..                  (boots unavailable)
Stlth    ++........             e - amulet "Ceqel" {Faith Str-3 Int-3 Dex+7}
HPRegen  0.21/turn              U - +6 ring of slaying
MPRegen  0.20/turn              Z - ring of ice

@: confusing touch, studying Spellcasting, very slow
A: very small, no armour, no weapons or thrown items, stealth, claws 1, fangs 3,
horns 1, rugged brown scales 1, see invisible, carnivore, cold resistance 1,
speed 1, magic resistance 2, robust 1, shaggy fur 3, slow metabolism 1,
pseudopods 1, sharp paws
}: 1/15 runes: slimy
a: Request Jelly, Slimify, Cure Bad Mutation, Renounce Religion


You were on level 2 of the Shoals.
You worshipped Jiyva.
Jiyva was exalted by your worship.
You were completely stuffed.

You visited 8 branches of the dungeon, and saw 33 of its levels.
You also visited: Labyrinth, Sewer and Ice Cave.

You collected 2786 gold pieces.
You spent 1004 gold pieces at shops.

Inventory:

Jewellery
 d - a +5 ring of strength
 e - the amulet "Ceqel" (around neck) {Faith Str-3 Int-3 Dex+7}
   (You acquired it on level 3 of the Dungeon)

   [amulet of faith]

   It allows you to gain divine favour quickly.
   It affects your strength (-3).
   It affects your intelligence (-3).
   It affects your dexterity (+7).
 h - an uncursed amulet of magic regeneration
 k - an uncursed amulet of the gourmand {unknown}
 r - a +4 amulet of reflection
 u - an uncursed ring of flight
 x - an uncursed ring of positive energy
 C - an uncursed ring of magical power
 E - an uncursed ring of positive energy
 J - an uncursed ring of fire
 P - a cursed amulet of rage {unknown}
 Q - a +3 ring of strength
 R - the ring "Lidwumoc" {rC+ rN+++ Str-2 Int-3 Dex+4}
   (You took it off a yaktaur captain on level 1 of the Depths)

   [ring of protection from cold]

   It affects your strength (-2).
   It affects your intelligence (-3).
   It affects your dexterity (+4).
   It protects you from cold.
   It renders you almost immune to negative energy.
 U - a +6 ring of slaying (left paw)
 V - an uncursed ring of resist corrosion
 Z - a ring of ice (right paw)
Wands
 v - a wand of digging (6)
 B - a wand of polymorph (11)
Scrolls
 c - 7 scrolls of amnesia
 f - 4 scrolls of magic mapping
 i - 7 scrolls of teleportation
 j - 5 scrolls of enchant armour {unknown}
 t - 5 scrolls of immolation
 w - 2 scrolls of blinking
 G - 2 scrolls of fog
 K - 6 scrolls of remove curse
Potions
 g - 4 potions of might
 l - a potion of degeneration
 n - 7 potions of haste
 o - 3 potions of lignification
 s - 3 potions of agility
 z - a potion of cancellation
 A - 5 potions of mutation
 H - a potion of ambrosia
 L - 2 potions of resistance
 M - 4 potions of brilliance
 S - a potion of magic
 T - 3 potions of flight
Books
 a - a book of Maledictions

   Spells                             Type                      Level
   a - Corona                         Hexes                        1
   b - Ensorcelled Hibernation        Hexes/Ice                    2
   c - Confuse                        Hexes                        3
   d - Tukima's Dance                 Hexes                        3
   e - Dazzling Spray                 Conjuration/Hexes            3
 m - a book of Cantrips

   Spells                             Type                      Level
   a - Confusing Touch                Hexes                        1
   b - Animate Skeleton               Necromancy                   1
   c - Summon Small Mammal            Summoning                    1
   d - Apportation                    Translocation                1
 p - a book of Beasts

   Spells                             Type                      Level
   a - Summon Butterflies             Summoning                    1
   b - Call Canine Familiar           Summoning                    3
   c - Summon Ice Beast               Ice/Summoning                4
   d - Summon Mana Viper              Hexes/Summoning              5
   e - Summon Hydra                   Summoning                    7
 y - the Grimoire of Combat Magic and Evil
   (You found it on level 5 of the Pits of Slime)

   Spells                             Type                      Level
   a - Sting                          Conjuration/Poison           1
   b - Searing Ray                    Conjuration                  2
   c - Mephitic Cloud                 Conjuration/Poison/Air       3
   d - Force Lance                    Conjuration/Translocation    4
   e - Bolt of Draining               Conjuration/Necromancy       5
 D - a manual of Spellcasting
 F - a book of Battle

   Spells                             Type                      Level
   a - Infusion                       Charms                       1
   b - Shroud of Golubria             Charms/Translocation         2
   c - Song of Slaying                Charms                       2
   d - Spectral Weapon                Hexes/Charms                 3
   e - Regeneration                   Charms/Necromancy            3
 I - a book of Annihilations

   Spells                             Type                      Level
   a - Poison Arrow                   Conjuration/Poison           6
   b - Chain Lightning                Conjuration/Air              8
   c - Lehudib's Crystal Spear        Conjuration/Earth            8
   d - Glaciate                       Conjuration/Ice              9
   e - Fire Storm                     Conjuration/Fire             9
 N - a book of Geomancy

   Spells                             Type                      Level
   a - Sandblast                      Earth                        1
   b - Passwall                       Transmutation/Earth          2
   c - Stone Arrow                    Conjuration/Earth            3
   d - Petrify                        Transmutation/Earth          4
   e - Lee's Rapid Deconstruction     Earth                        5
 O - a book of Power

   Spells                             Type                      Level
   a - Iskenderun's Battlesphere      Conjuration/Charms           5
   b - Venom Bolt                     Conjuration/Poison           5
   c - Bolt of Magma                  Conjuration/Fire/Earth       5
   d - Iron Shot                      Conjuration/Earth            6
   e - Orb of Destruction             Conjuration                  7
   f - Spellforged Servitor           Conjuration/Summoning        7
 X - the Grimoire of Confrontation
   (You found it in a labyrinth)

   Spells                             Type                      Level
   a - Sticky Flame                   Conjuration/Fire             4
   b - Iskenderun's Battlesphere      Conjuration/Charms           5
   c - Bolt of Draining               Conjuration/Necromancy       5
   d - Spellforged Servitor           Conjuration/Summoning        7
 Y - Roidisak's Handbook of Benedictions
   (You found it in a labyrinth)

   Spells                             Type                      Level
   a - Shroud of Golubria             Charms/Translocation         2
   b - Swiftness                      Charms/Air                   2
   c - Ozocubu's Armour               Charms/Ice                   3
   d - Regeneration                   Charms/Necromancy            3
   e - Excruciating Wounds            Charms/Necromancy            5
   f - Ring of Flames                 Charms/Fire                  7
Comestibles
 b - 48 rations


   Skills:
 - Level 11.5(7.5) Fighting
 - Level 17.2(13.2) Dodging
 - Level 14.0(10.0) Stealth
 - Level 8.6(4.6) Unarmed Combat
 - Level 8.8(4.8) Spellcasting
 - Level 9.7(5.7) Conjurations
 - Level 14.4(10.4) Hexes
 - Level 5.5(2.7) Charms
 - Level 2.6(1.3) Necromancy
 + Level 7.6(3.8) Ice Magic


You had 9 spell levels left.
You knew the following spells:

 Your Spells              Type           Power        Failure   Level  Hunger
a - Ozocubu's Armour      Chrm/Ice       ####....     10%         3    ##.....
b - Ensorcelled Hibernat  Hex/Ice        #####.       1%          2    #......
c - Confuse               Hex            #####...     1%          3    ##.....
d - Confusing Touch       Hex            #####.       1%          1    None
e - Apportation           Tloc           #.....       13%         1    None
f - Orb of Destruction    Conj           ####......   100%        7    #######
g - Regeneration          Chrm/Necr      ##........   16%         3    ##.....


Dungeon Overview and Level Annotations

Branches:
Dungeon (15/15)            Temple (1/1) D:5            Lair (6/6) D:8
 Shoals (1/4) Lair:3       Spider (0/4) Lair:2        Slime (5/5) Lair:5
    Orc (2/2) D:9             Elf (1/3) Orc:2        Vaults (0/5) D:13
 Depths (1/5) D:15

Altars:
Ashenzari
Cheibriados
Dithmenos
Elyvilon
Fedhas
Gozag
Hepliaklqana
Kikubaaqudgha
Makhleb
Nemelex Xobeh
Okawaru
Qazlal
Ru
Sif Muna
Trog
Uskayaw
Vehumet
Wu Jian
Xom
Yredelemnul
Zin
The Shining One
Jiyva

Shops:
D:5 !   D:10 *[   D:11 (   Orc:2 !%(%*   Elf:1 %:%

Portals:
Hell: Depths:1
Ziggurat: Depths:1

Annotations:
Slime:5 Royal Jelly
Elf:1 Kirke
Depths:1 Bai Suzhen


Innate Abilities, Weirdness & Mutations

You cannot wear armour.
You are incapable of wielding weapons or throwing items.
Your paws allow you to move quietly. (Stealth)
You have sharp claws.
You have razor-sharp teeth.
You have supernaturally acute eyesight. (SInv)
You are carnivorous and can eat meat at any time.
You cover ground quickly.
Your thick and shaggy fur keeps you warm. (AC +3, rC+)
You have a slow metabolism.
Your sharp claws are effective at attacking unaware monsters.
You have a pair of small horns on your head.
You are partially covered in rugged brown scales. (AC +1, +3% HP)
Your flesh is cold resistant. (rC+)
You are highly resistant to hostile enchantments. (MR++)
You are robust. (+10% HP)
Armour fits poorly on your pseudopods.


Message History

The water nymph gestures at you while chanting.
The water swirls and strikes you!
* * * LOW HITPOINT WARNING * * *
Unknown command.
Your unstable footing causes you to fumble your attack.
The water nymph touches you.
* * * LOW HITPOINT WARNING * * *
The water nymph drowns you!
* * * LOW HITPOINT WARNING * * *
Unknown command.
Okay, then.
You closely miss the water nymph.
You headbutt the water nymph, but do no damage.
You bludgeon the water nymph, but do no damage.
The water nymph is heavily wounded.
Your death ooze splashes around in the water.
Your death ooze misses the water nymph.
The water nymph casts a spell at you. The water swirls and strikes you!
You die...

≈≈.........?..≈≈≈
.≈≈≈≈≈≈≈≈≈.%≈...
...≈≈≈≈≈≈≈......
...≈≈≈≈≈≈......
....≈≈≈≈.....#
....≈≈≈≈≈≈..##
>......Jm≈...#
.......@≈≈...#
#......≈....##
#...#...≈...# #..
##...≈..# .
....≈≈...#
.....≈≈≈....#
...≈....≈.......
≈≈≈≈.............
≈≈≈..#..≈≈..(.≈..


You could see a water nymph and a friendly death ooze.

Vanquished Creatures
  An orc warlord (Orc:2)
  Snorg (Lair:3)
  A minotaur (Lab)
  An ettin (Orc:2)
  2 fire dragons (D:15)
  An ogre mage (Depths:1)
  Fannar (D:11)
  3 hydras
  An ice dragon (Depths:1)
  Erolcha (D:9)
  A vault guard (D:10)
  A catoblepas (Lair:6)
  3 centaur warriors
  3 dancing weapons
  5 orc high priests (Orc:2)
  10 two-headed ogres
  2 death yaks (Lair:6)
  2 tengu warriors
  Sonja (D:12)
  Urug (Lair:3)
  A skeletal warrior (D:12)
  2 unseen horrors
  6 harpies (Shoals:1)
  2 orc sorcerers
  3 orc knights
  A necromancer (Lair:4)
  6 deep elf magi
  2 oklob plants
  5 manticores
  5 ugly things
  3 cyclopes
  7 elephants
  4 black mambas
  Psyche (D:11)
  A merfolk siren (Lair:3)
  3 ice statues
  Joseph (D:7)
  17 spiny frogs
  A rime drake (Lair:6)
  A kobold demonologist (D:12)
  2 freezing wraiths
  2 ice devils (Lair:6)
  6 yaktaurs (Depths:1)
  15 komodo dragons
  A merfolk (Shoals:1)
  2 tengu conjurers
  Grinder (D:3)
  13 slime creatures
  9 trolls
  2 hornets (D:9)
  8 blink frogs
  11 hippogriffs
  3 snapping turtles (D:13)
  A shadow (D:13)
  4 water elementals
  A spriggan (D:13)
  A vampire (D:12)
  An air elemental (Elf:1)
  35 yaks
  8 wraiths
  3 wyverns
  A hog (Elf:1)
  3 basilisks
  A fire elemental (Elf:1)
  4 hungry ghosts (Lab)
  4 vampire mosquitoes
  3 wargs
  4 acid dragons
  9 water moccasins
  7 porcupines
  37 orc warriors
  12 ice beasts
  A hornet zombie (D:15)
  4 phantoms
  5 sky beasts
  A necrophage (D:14)
  An eye of draining (D:9)
  19 wolves
  9 ogres
  21 centaurs
  17 crocodiles
  3 big kobolds
  A bullfrog (shapeshifter) (D:14)
  17 bullfrogs
  A water moccasin zombie (D:7)
  3 scorpions
  5 killer bees (D:8)
  A howler monkey (D:3)
  6 electric eels
  6 wights
  2 centaur zombies
  5 crimson imps
  9 hounds
  6 jellies
  19 orc wizards
  30 orc priests
  3 bullfrog skeletons
  2 bullfrog zombies
  6 centaur skeletons
  5 iguanas
  5 worker ants
  2 yak simulacra (Lair:4)
  2 polar bear simulacra (Lair:4)
  5 wolf simulacra (Lair:4)
  2 hound skeletons
  A worker ant zombie (D:8)
  9 gnolls
  23 adders
  5 shadow imps
  3 oozes (Lair:5)
  3 worms
  2 dart slugs
  6 leopard geckos
  110 orcs
  3 ball pythons
  16 bats
  4 giant cockroaches
  2 goblins
  3 hobgoblins
  2 jackals (D:11)
  40 kobolds
  8 quokkas
  9 frilled lizards
  A jackal skeleton (D:4)
  A leopard gecko skeleton (D:6)
  A leopard gecko zombie (D:5)
  7 rats
  2 river rat simulacra (Lair:4)
  2 plants (D:4)
815 creatures vanquished.

Vanquished Creatures (collateral kills)
  A fire giant (Depths:1)
  A very ugly thing (Depths:1)
  A yaktaur captain (Depths:1)
  3 catoblepae (Lair:6)
  A death knight (D:12)
  2 dancing weapons (Elf:1)
  2 death yaks (Lair:6)
  A deep elf knight (Elf:1)
  4 yaks (Lair:6)
16 creatures vanquished.

Vanquished Creatures (others)
  6 acid blobs
  A great orb of eyes (Depths:1)
  Harold (Lair:3)
  A dancing weapon (Elf:1)
  A death yak (Lair:6)
  A wizard (Elf:1)
  2 deep elf magi (Elf:1)
  2 eyes of devastation
  43 slime creatures
  A water elemental (Depths:1)
  2 eyes of draining
  60 jellies
  A kobold (D:4)
  2 bats (D:13)
  23 fungi
  33 plants
180 creatures vanquished.

Grand Total: 1011 creatures vanquished

Notes
Turn   | Place    | Note
-------+----------+-------------------------------------------
     0 | D:1      | inc the Felid Enchanter began the quest for the Orb.
     0 | D:1      | Reached XP level 1. HP: 7/7 MP: 4/4
   415 | D:1      | Reached XP level 2. HP: 11/11 MP: 6/6
   885 | D:1      | Learned a level 2 spell: Ensorcelled Hibernation
  1212 | D:2      | Reached skill level 1 in Ice Magic
  1406 | D:2      | Reached XP level 3. HP: 14/14 MP: 4/7
  1453 | D:2      | Found an iron altar of Okawaru.
  2559 | D:2      | Learned a level 3 spell: Confuse
  2643 | D:2      | Reached XP level 4. HP: 18/18 MP: 1/8
  3450 | D:3      | Reached skill level 5 in Hexes
  3872 | D:3      | Noticed Grinder
  4424 | D:4      | Noticed a phantom
  4866 | D:3      | Reached XP level 5. HP: 9/21 MP: 0/9
  5672 | D:4      | Killed a phantom
  5672 | D:4      | Gained mutation: You are covered in thick fur. (AC +2) [Felid growth]
  5672 | D:4      | Reached XP level 6. HP: 12/24 MP: 1/10
  6772 | D:4      | Reached skill level 1 in Fighting
  6953 | D:4      | Found a bloodstained altar of Trog.
  6957 | D:4      | Found a hazy altar of Hepliaklqana.
  6963 | D:4      | Found a blossoming altar of Fedhas.
  7444 | D:4      | Reached XP level 7. HP: 27/30 MP: 0/11
  7976 | D:5      | Entered Level 5 of the Dungeon
  8191 | D:5      | Reached skill level 5 in Fighting
  8316 | D:5      | Found a glowing drain.
  8320 | Sewer    | Entered a sewer
  8550 | D:5      | Found Gekkish's Distillery.
  8558 | D:5      | Bought a potion of mutation for 96 gold pieces
  8558 | D:5      | Bought a potion of heal wounds for 60 gold pieces
  8691 | D:5      | Found a basalt altar of Yredelemnul.
  8691 | D:5      | Found a glowing golden altar of the Shining One.
  8799 | D:5      | Noticed a profane servitor
  8816 | D:5      | Noticed an angel
  8889 | D:5      | Found a stormy altar of Qazlal.
  8894 | D:5      | Reached XP level 8. HP: 38/38 MP: 5/12
  9076 | D:5      | Found a staircase to the Ecumenical Temple.
  9132 | D:5      | Found a glowing silver altar of Zin.
  9165 | Temple   | Entered the Ecumenical Temple
  9445 | Temple   | Became a worshipper of Ashenzari the Shackled
  9678 | D:6      | Gained mutation: You are agile. (Dex +2) [potion of mutation]
  9724 | D:6      | Reached skill level 3 in Dodging
  9744 | D:6      | Reached skill level 4 in Dodging
  9909 | D:6      | Reached skill level 5 in Dodging
 10084 | D:6      | Reached skill level 6 in Dodging
 10236 | D:6      | Reached * piety under Ashenzari
 10397 | D:6      | Found a white marble altar of Elyvilon.
 10678 | D:7      | Reached skill level 7 in Dodging
 11385 | D:8      | Found a shadowy altar of Dithmenos.
 11443 | D:8      | Reached skill level 5 in Stealth
 11533 | D:8      | Reached XP level 9. HP: 42/42 MP: 8/13
 11765 | D:8      | Found an ornate altar of the Wu Jian Council.
 11915 | D:8      | Noticed a two-headed ogre
 12028 | D:7      | Found a sacrificial altar of Ru.
 12445 | D:7      | Noticed Joseph
 12458 | D:7      | Killed Joseph
 12458 | D:7      | Reached skill level 10 in Stealth
 12577 | D:7      | Reached ** piety under Ashenzari
 12687 | D:7      | Found a hide-covered altar of Uskayaw.
 12714 | D:7      | Lost mutation: You are agile. (Dex +2) [potion of mutation]
 12714 | D:7      | Gained mutation: You are partially covered in rugged brown scales. (AC +1, +3% HP) [potion of mutation]
 12714 | D:7      | Gained mutation: You are robust. (+10% HP) [potion of mutation]
 12714 | D:7      | Gained mutation: Your flesh is cold resistant. (rC+) [potion of mutation]
 13114 | D:8      | Killed a two-headed ogre
 13114 | D:8      | Reached skill level 10 in Hexes
 13148 | D:8      | Reached XP level 10. HP: 51/51 MP: 0/14
 13790 | D:8      | Found a staircase to the Lair.
 14044 | D:9      | Noticed a two-headed ogre
 14055 | D:9      | Killed a two-headed ogre
 15399 | D:9      | Noticed Erolcha
 15422 | D:9      | Killed Erolcha
 15725 | D:9      | Reached XP level 11. HP: 52/57 MP: 11/18
 15818 | D:10     | Entered Level 10 of the Dungeon
 15850 | D:10     | Found Gaguagac's Armour Boutique.
 16033 | D:10     | Found Nauxuplu's Serpentskin Sales.
 16119 | D:10     | Reached *** piety under Ashenzari
 16378 | D:10     | Found an ancient bone altar of Kikubaaqudgha.
 16390 | D:10     | Reached skill level 8 in Dodging
 16482 | D:10     | Noticed a two-headed ogre
 16532 | D:10     | Killed a two-headed ogre
 16636 | D:10     | Noticed a vault guard
 16661 | D:10     | Killed a vault guard
 16661 | D:10     | Reached skill level 9 in Dodging
 16840 | D:10     | Found a portal to a secret trove of treasure.
 16917 | D:11     | Found Epoyw's Weapon Shop.
 16955 | D:11     | Reached skill level 10 in Dodging
 17070 | D:11     | Found a labyrinth entrance.
 17078 | Lab      | Entered a labyrinth
 17232 | Lab      | Reached skill level 11 in Dodging
 17638 | Lab      | Noticed a minotaur
 17695 | Lab      | Killed a minotaur
 17700 | Lab      | Identified the Grimoire of Confrontation
 17709 | Lab      | Identified Roidisak's Handbook of Benedictions
 17836 | D:11     | Learned a level 3 spell: Ozocubu's Armour
 17876 | D:11     | Noticed Fannar
 17894 | D:11     | Killed Fannar
 18087 | D:11     | Reached **** piety under Ashenzari
 18154 | D:11     | Learned a level 1 spell: Confusing Touch
 18156 | D:11     | Learned a level 1 spell: Apportation
 18174 | D:11     | Noticed Psyche
 18181 | D:11     | Killed Psyche
 18563 | D:12     | Noticed an unseen horror
 18567 | D:12     | Killed an unseen horror
 18567 | D:12     | Reached skill level 5 in Charms
 18786 | D:9      | Found a staircase to the Orcish Mines.
 18922 | Lair:1   | Entered Level 1 of the Lair of Beasts
 19219 | Lair:1   | Noticed a six-headed hydra
 19756 | Lair:1   | Gained mutation: Your thick and shaggy fur keeps you warm. (AC +3, rC+) [Felid growth]
 19756 | Lair:1   | Reached XP level 12. HP: 62/62 MP: 19/19
 19778 | Lair:1   | Reached skill level 12 in Dodging
 20074 | Lair:2   | Reached skill level 13 in Dodging
 20107 | Lair:2   | Reached ***** piety under Ashenzari
 20208 | Lair:2   | Found a hole to the Spider Nest.
 20399 | Lair:2   | Noticed a catoblepas
 20841 | Lair:2   | Reached skill level 14 in Dodging
 21373 | Lair:3   | Noticed Gastronok
 21380 | Lair:3   | Reached skill level 15 in Dodging
 21589 | Lair:2   | Learned a level 7 spell: Orb of Destruction
 21802 | Lair:4   | Reached skill level 1 in Conjurations
 21882 | Lair:4   | Noticed an eight-headed hydra
 21896 | Lair:4   | Killed an eight-headed hydra
 21987 | Lair:4   | Reached skill level 5 in Conjurations
 22947 | Lair:5   | Reached XP level 13. HP: 63/65 MP: 20/20
 23322 | Lair:5   | Reached skill level 5 in Unarmed Combat
 23720 | Lair:5   | Found a runed door.
 23722 | Lair:5   | Found a viscous altar of Jiyva.
 23722 | Lair:5   | Found a staircase to the Slime Pits.
 24666 | Lair:6   | Entered Level 6 of the Lair of Beasts
 24810 | Lair:6   | Learned a level 3 spell: Regeneration
 24895 | Lair:6   | Found an opulent altar of Gozag.
 24899 | Lair:6   | Found a frozen archway.
 25089 | IceCv    | Entered an ice cave
 25096 | IceCv    | Found a transporter.
 25290 | IceCv    | Killed from afar by an ice statue
 25291 | IceCv    | Reached XP level 12. HP: -1/62 MP: 28/28
 25634 | Lair:6   | Noticed a death yak
 25635 | Lair:6   | Noticed a death yak
 25636 | Lair:6   | Noticed a death yak
 25637 | Lair:6   | Noticed a death yak
 25990 | Lair:3   | Reached ****** piety under Ashenzari
 26009 | Lair:3   | Noticed Urug
 26018 | Lair:3   | Killed Urug
 26048 | Lair:3   | Found a staircase to the Shoals.
 26136 | Lair:3   | Noticed Snorg
 26161 | Lair:3   | Killed Snorg
 26168 | Lair:3   | Noticed Harold
 26471 | Lair:3   | Reached XP level 13. HP: 50/68 MP: 20/20
 26749 | D:9      | Reached skill level 10 in Fighting
 27630 | D:12     | Noticed Sonja
 28393 | D:12     | Killed Sonja
 28941 | D:13     | Found a gate to the Vaults.
 28994 | D:13     | Found a glowing golden altar of the Shining One.
 31613 | D:15     | Entered Level 15 of the Dungeon
 31901 | D:15     | Reached XP level 14. HP: 25/75 MP: 9/21
 32339 | D:15     | Reached skill level 1 in Necromancy
 32881 | D:15     | Found a staircase to the Depths.
 32911 | Depths:1 | Entered Level 1 of the Depths
 34322 | Orc:1    | Entered Level 1 of the Orcish Mines
 34394 | Orc:2    | Entered Level 2 of the Orcish Mines
 34560 | Orc:2    | Noticed an orc warlord
 35606 | Orc:2    | Reached skill level 16 in Dodging
 35687 | Orc:2    | Killed an orc warlord
 35832 | Orc:2    | Found Xaroppu's Assorted Antiques.
 35848 | Orc:2    | Bought a scroll of identify for 68 gold pieces
 35927 | Orc:2    | Found a staircase to the Elven Halls.
 36090 | Orc:2    | HP: 4/112 [orc priest/nerve-wracking pain (13)]
 37607 | Orc:2    | Reached skill level 17 in Dodging
 38115 | Orc:2    | Found Negesh's Food Emporium.
 38115 | Orc:2    | Found Xaoteoh's Antique Weapon Emporium.
 38118 | Orc:2    | Found Mihelaep's Food Shoppe.
 38118 | Orc:2    | Found Ynaaguck's Distillery.
 38128 | Orc:2    | Bought a potion of heal wounds for 65 gold pieces
 38128 | Orc:2    | Bought a potion of heal wounds for 65 gold pieces
 38130 | Orc:2    | Bought 2 potions of haste for 260 gold pieces
 38130 | Orc:2    | Bought a potion of resistance for 130 gold pieces
 38130 | Orc:2    | Bought a potion of haste for 130 gold pieces
 38130 | Orc:2    | Bought a potion of haste for 130 gold pieces
 38454 | Lair:5   | Fell from the grace of Ashenzari
 38454 | Lair:5   | Became a worshipper of Jiyva Jubae the Shapeless
 38677 | Lair:6   | HP: 2/75 [catoblepas (28)]
 38678 | Lair:6   | Reached * piety under Jiyva
 39663 | Lair:3   | Reached ** piety under Jiyva
 40548 | D:7      | Reached *** piety under Jiyva
 40615 | D:7      | Gained mutation: You are partially covered in icy blue scales. (AC +2) [Jiyva's grace]
 41272 | D:3      | Killed Grinder
 41304 | D:3      | Identified 2 scrolls of acquirement
 41306 | D:3      | Got a translucent platinum amulet
 41313 | D:3      | Identified the amulet "Ceqel" {Faith Str-3 Int-3 Dex+7} (You acquired it on level 3 of the Dungeon)
 41812 | D:9      | Reached **** piety under Jiyva
 42007 | D:7      | Gained mutation: You have a pair of small horns on your head. [Jiyva's grace]
 42103 | D:8      | Reached ***** piety under Jiyva
 42120 | D:8      | Gained mutation: You are resistant to hostile enchantments. (MR+) [Jiyva's grace]
 42337 | D:9      | Lost mutation: You have a pair of small horns on your head. [Jiyva's grace]
 42453 | D:9      | Lost mutation: You are robust. (+10% HP) [Jiyva's grace]
 42523 | D:9      | Lost strength.
 42523 | D:9      | Gained mutation: You are weak. (Str -2) [Jiyva's grace]
 42523 | D:9      | Reached ****** piety under Jiyva
 42759 | D:12     | Gained mutation: You passively map a small area around you. [Jiyva's grace]
 42823 | D:12     | Lost mutation: You are partially covered in icy blue scales. (AC +2) [Jiyva's grace]
 43021 | D:13     | Gained mutation: You are highly resistant to hostile enchantments. (MR++) [Jiyva's grace]
 43197 | D:15     | Gained mutation: You possess an exceptional clarity of mind. [Jiyva's grace]
 43288 | D:15     | Gained mutation: You are robust. (+10% HP) [Jiyva's grace]
 43630 | Lair:3   | Slimified Gastronok
 43630 | Lair:3   | Noticed Gastronok
 43630 | Lair:3   | Gastronok changed into Gastronok the azure jelly
 43696 | Lair:3   | Killed Harold
 43793 | Slime:1  | Entered Level 1 of the Pits of Slime
 43839 | Slime:1  | Noticed an acid blob
 43852 | Slime:2  | Noticed an azure jelly
 43856 | Slime:3  | Noticed an acid blob
 43856 | Slime:3  | Noticed an acid blob
 43859 | Slime:3  | Found a viscous altar of Jiyva.
 43873 | Slime:5  | Entered Level 5 of the Pits of Slime
 43873 | Slime:5  | Noticed an azure jelly
 43875 | Slime:5  | Noticed an acid blob
 43880 | Slime:5  | Noticed an acid blob
 43881 | Slime:5  | Lost mutation: You possess an exceptional clarity of mind. [Jiyva's grace]
 43882 | Slime:5  | Noticed an acid blob
 43886 | Slime:5  | Noticed the Royal Jelly
 43886 | Slime:5  | Noticed an acid blob
 43887 | Slime:5  | Found a viscous altar of Jiyva.
 43888 | Slime:5  | Noticed an acid blob
 43889 | Slime:5  | Found the +9 staff of Olgreb {rPois}
 43891 | Slime:5  | Noticed an azure jelly
 43891 | Slime:5  | Gained mutation: Your rubbery body absorbs attacks. (AC +1, EV +1) [Jiyva's grace]
 43892 | Slime:5  | Noticed an acid blob
 43896 | Slime:5  | Lost mutation: You are weak. (Str -2) [Jiyva's grace]
 43899 | Slime:5  | Identified the Grimoire of Combat Magic and Evil
 43902 | Slime:5  | Noticed an acid blob
 43903 | Slime:5  | Gained mutation: Your muscles are strong. (Str +2) [Jiyva's grace]
 43911 | Slime:5  | Killed an acid blob
 43913 | Slime:5  | Lost mutation: Your flesh is cold resistant. (rC+) [Jiyva's grace]
 43916 | Slime:5  | Noticed an acid blob
 43922 | Slime:5  | Got a slimy rune of Zot
 43926 | Slime:5  | Killed an acid blob
 43947 | Slime:5  | Noticed an acid blob
 43990 | Slime:5  | Killed an acid blob
 43995 | Slime:5  | Killed an acid blob
 44000 | Slime:5  | Killed an acid blob
 44001 | Slime:5  | Noticed an azure jelly
 44421 | Slime:4  | Noticed a reaper
 44430 | Slime:3  | Noticed an azure jelly
 44432 | Slime:3  | Noticed an azure jelly
 44499 | Slime:3  | Noticed an acid blob
 44580 | Slime:3  | Killed an acid blob
 44718 | Slime:1  | Noticed an acid blob
 44718 | Slime:1  | Noticed an azure jelly
 44834 | Lair:6   | Reached skill level 5 in Spellcasting
 45050 | Lair:6   | Gained mutation: Armour fits poorly on your pseudopods. [Jiyva's grace]
 45116 | Lair:6   | Slain by a death yak
 45117 | Lair:6   | Reached XP level 13. HP: -4/71 MP: 22/22
 45415 | Lair:6   | Noticed an azure jelly
 45415 | Lair:6   | a death yak changed into an azure jelly
 45459 | Lair:6   | Reached XP level 14. HP: 42/75 MP: 25/25
 45566 | Lair:6   | Lost mutation: You passively map a small area around you. [Jiyva's grace]
 46142 | Shoals:1 | Entered Level 1 of the Shoals
 46298 | Shoals:1 | HP: 2/75 [harpy (16)]
 47035 | Depths:1 | Reached skill level 5 in Ice Magic
 47432 | Depths:1 | Noticed a fire giant
 47434 | Depths:1 | Gained mutation: Your flesh is cold resistant. (rC+) [Jiyva's grace]
 47463 | Depths:1 | Slain by a fire giant
 47464 | Depths:1 | Reached XP level 13. HP: 0/71 MP: 23/26
 47496 | Depths:1 | Found a gateway to Hell.
 47506 | Depths:1 | Noticed a merfolk javelineer
 47686 | Depths:1 | Got a vibrating tin ring
 47689 | Depths:1 | Identified the ring "Lidwumoc" {rC+ rN+++ Str-2 Int-3 Dex+4} (You took it off a yaktaur captain on level 1 of the Depths)
 47739 | Depths:1 | Gained mutation: Armour fits poorly on your large pseudopods. [Jiyva's grace]
 47762 | Depths:1 | Found a gateway to a ziggurat.
 47765 | Depths:1 | Noticed a red very ugly thing
 47806 | Depths:1 | Killed a green very ugly thing
 47807 | Depths:1 | HP: 1/71 [poisoned by a green very ugly thing]
 47904 | Depths:1 | Noticed Bai Suzhen
 48048 | Depths:1 | Noticed a jiangshi
 48050 | Depths:1 | Noticed a jiangshi
 48052 | Depths:1 | Noticed a jiangshi
 48327 | Depths:1 | Noticed an ettin
 48329 | Depths:1 | Killed a fire giant
 48825 | Elf:1    | Entered Level 1 of the Elven Halls
 49099 | Elf:1    | Found Dezuz's Food Shop.
 49101 | Elf:1    | Found Vathricust's Book Boutique.
 49103 | Elf:1    | Found Cauheegg's Food Shop.
 49128 | Elf:1    | Lost mutation: Your rubbery body absorbs attacks. (AC +1, EV +1) [Jiyva's grace]
 49435 | Elf:1    | Lost mutation: Your muscles are strong. (Str +2) [Jiyva's grace]
 49572 | Elf:1    | Noticed Kirke
 49759 | Elf:1    | Noticed a deep elf sorcerer
 50095 | Orc:2    | Gained mutation: You have a pair of small horns on your head. [Jiyva's grace]
 50108 | Orc:2    | Lost mutation: Armour fits poorly on your large pseudopods. [Jiyva's grace]
 50553 | Shoals:1 | You fall through a shaft!
 50571 | Shoals:2 | Killed from afar by a water nymph

Skill      XL: |  1  2  3  4  5  6  7  8  9 10 11 12 13 14 |
---------------+-------------------------------------------+-----
Unarmed Combat | 2 3 4 7 8 |  8.6
Ice Magic      | 1 2 3 7 5 |  7.6
Hexes          | 5 6 7 11 14 | 14.4
Fighting       | 2 6 7 8 9 11 | 11.5
Dodging        | 7 11 15 17 | 17.2
Stealth        | 5 10 11 13 14 | 14.0
Spellcasting   | 4 7 8 |  8.8
Charms         | 5 |  5.5
Conjurations   | 6 9 |  9.7
Necromancy     | 2 |  2.6

Action                   |  1- 3 |  4- 6 |  7- 9 | 10-12 | 13-15 || total
-------------------------+-------+-------+-------+-------+-------++-------
Melee: Unarmed           |    77 |   163 |   333 |   448 |   944 ||  1965
       Bite              |     6 |    13 |    30 |    38 |   102 ||   189
       Punch             |     3 |     1 |     2 |    11 |    23 ||    40
       Pseudopods        |       |       |       |       |    54 ||    54
       Headbutt          |       |       |       |       |     4 ||     4
 Cast: Corona            |     6 |     1 |       |       |       ||     7
       Ensorcelled Hiber |    16 |    80 |   103 |   246 |   519 ||   964
       Confuse           |     2 |    26 |    33 |    81 |   123 ||   265
       Ozocubu's Armour  |       |       |       |     1 |     3 ||     4
       Confusing Touch   |       |       |       |     2 |    31 ||    33
       Regeneration      |       |       |       |       |     4 ||     4
Invok: Curse Item        |       |       |     3 |     1 |     1 ||     5
       Scrying           |       |       |       |     3 |       ||     3
       Slimify           |       |       |       |       |     3 ||     3
       Request Jelly     |       |       |       |       |    29 ||    29
Evoke: Wand              |       |       |       |       |     2 ||     2
  Use: Scroll            |       |     4 |     2 |    12 |    29 ||    47
       Potion            |       |       |     4 |     2 |    15 ||    21
 Stab: Sleeping          |    21 |    44 |    74 |   181 |   308 ||   628
       Confused          |     2 |    12 |    16 |    57 |    90 ||   177
       Distracted        |       |       |       |       |     5 ||     5
       Petrified         |       |       |       |       |     2 ||     2
  Eat: Chunk             |     3 |    21 |    22 |    37 |    50 ||   133
       Ration            |       |     1 |       |       |     3 ||     4
Armor: Skin              |     4 |     3 |     9 |    17 |    52 ||    85
Dodge: Dodged            |    76 |   117 |   180 |   375 |  1076 ||  1824
Block: Other             |       |    26 |    43 |    50 |   122 ||   241
       Reflection        |       |     8 |       |     5 |     8 ||    21
